[ AOE2 MATCH · #506240910 ]
UnrankedMalians vs Ethiopians
Player's team · LOSS
[ REPLAY ANALYSIS · EXTRACTED FROM THE RECORDED GAME ]
Feudal
12:54
Castle
24:38
Imperial
—
| APM avg | 52.8 |
| APM peak | 78 |
| eAPM avg | 25.4 |
| Villagers / military | 50 / 40 |
Focus
⚔️ 28.2% · 🌾 71.8%
Skirmisher ×30 · Militia ×5 · Archer ×4 · Mangonel ×1
Feudal
10:01
Castle
22:44
Imperial
—
| APM avg | 44.4 |
| APM peak | 78 |
| eAPM avg | 17.0 |
| Villagers / military | 78 / 35 |
Focus
⚔️ 32.4% · 🌾 67.6%
Archer ×27 · Militia ×4 · Mangonel ×4
Match map
Initial resources + every placement click. Lines = walls · curves = elevation contours. ◆ gold · ⬟ stone · ● berries · ✦ relic · ◌ wall gap
Your base· Open — opponent sealed themselves in
Espummoni's base· ✓ Closed at 22:44 · 19t walls · no gate
Smoothed initial terrain · ◌ = detected wall gap · hover for details
Inputs per minute
— CORP_hector_sin_elo - - Espummoni
Build order — CORP_hector_sin_elo
First 150 of 180 actions detected
| 0:00 | Queue | Villager (Male) |
| 0:01 | Queue | Villager (Male) |
| 0:01 | Queue | Villager (Male) |
| 0:02 | Build | House |
| 0:03 | Build | House |
| 0:44 | Queue | Villager (Male) |
| 1:27 | Queue | Villager (Male) |
| 2:02 | Queue | Villager (Male) |
| 2:19 | Queue | Villager (Male) |
| 2:45 | Queue | Villager (Male) |
| 3:12 | Queue | Villager (Male) |
| 3:23 | Build | Barracks |
| 3:31 | Queue | Villager (Male) |
| 3:59 | Queue | Villager (Male) |
| 4:02 | Build | House |
| 4:05 | Build | Palisade Wall |
| 4:06 | Build | Palisade Wall |
| 4:08 | Build | Palisade Wall |
| 4:39 | Queue | Villager (Male) |
| 4:40 | Queue | Militia |
| 4:41 | Build | Lumber Camp |
| 4:58 | Queue | Villager (Male) |
| 5:12 | Queue | Militia |
| 5:15 | Queue | Villager (Male) |
| 5:38 | Queue | Villager (Male) |
| 5:45 | Queue | Militia |
| 5:48 | Build | House |
| 6:18 | Queue | Militia |
| 6:19 | Queue | Villager (Male) |
| 6:19 | Queue | Villager (Male) |
| 6:59 | Queue | Militia |
| 7:02 | Queue | Villager (Male) |
| 7:04 | Build | House |
| 7:20 | Build | Mining Camp |
| 8:05 | Queue | Villager (Male) |
| 8:12 | Build | Mill |
| 8:19 | Research | Loom |
| 8:33 | Build | Palisade Wall |
| 8:34 | Build | Palisade Wall |
| 8:40 | Build | Palisade Wall |
| 8:41 | Build | Palisade Wall |
| 8:42 | Build | Palisade Wall |
| 8:46 | Queue | Villager (Male) |
| 9:03 | Queue | Villager (Male) |
| 9:07 | Build | Farm |
| 9:11 | Build | Farm |
| 9:44 | Queue | Villager (Male) |
| 9:52 | Build | Palisade Wall |
| 10:00 | Queue | Villager (Male) |
| 10:16 | Build | Palisade Wall |
| 10:44 | Research | Feudal Age |
| 10:53 | Build | Farm |
| 11:00 | Build | Palisade Wall |
| 11:01 | Build | Palisade Wall |
| 11:04 | Build | House |
| 11:05 | Build | House |
| 11:07 | Build | House |
| 11:23 | Build | Palisade Wall |
| 11:42 | Build | Farm |
| 12:03 | Build | Farm |
| 12:11 | Build | House |
| 12:27 | Build | Farm |
| 12:37 | Queue | Villager (Male) |
| 12:41 | Build | House |
| 12:52 | Build | House |
| 12:54 | Age | Feudal Age |
| 12:55 | Build | Palisade Wall |
| 12:56 | Build | Palisade Wall |
| 13:13 | Queue | Villager (Male) |
| 13:15 | Build | Palisade Wall |
| 13:44 | Build | Watch Tower |
| 13:47 | Queue | Villager (Male) |
| 13:50 | Build | Archery Range |
| 13:58 | Research | Double-Bit Axe |
| 14:15 | Queue | Villager (Male) |
| 14:16 | Build | Farm |
| 14:20 | Queue | Archer |
| 14:43 | Build | Farm |
| 14:58 | Build | Farm |
| 14:58 | Queue | Skirmisher |
| 15:03 | Queue | Skirmisher |
| 15:13 | Queue | Villager (Male) |
| 15:14 | Build | Farm |
| 15:24 | Queue | Archer |
| 15:32 | Build | Farm |
| 15:53 | Build | Farm |
| 15:53 | Queue | Villager (Male) |
| 16:08 | Build | Farm |
| 16:11 | Queue | Villager (Male) |
| 16:18 | Queue | Skirmisher |
| 16:31 | Build | Farm |
| 16:45 | Queue | Skirmisher |
| 17:06 | Build | Blacksmith |
| 17:29 | Queue | Skirmisher |
| 17:49 | Queue | Skirmisher |
| 18:04 | Build | Farm |
| 18:07 | Queue | Villager (Male) |
| 18:13 | Build | Farm |
| 18:15 | Research | Fletching |
| 18:16 | Research | Padded Archer Armor |
| 18:31 | Build | Farm |
| 18:35 | Queue | Skirmisher |
| 18:37 | Queue | Villager (Male) |
| 18:45 | Build | Farm |
| 19:01 | Queue | Villager (Male) |
| 19:14 | Build | Farm |
| 19:21 | Build | House |
| 19:23 | Queue | Villager (Male) |
| 19:25 | Queue | Skirmisher |
| 19:38 | Build | House |
| 19:41 | Build | Palisade Wall |
| 19:45 | Queue | Villager (Male) |
| 20:03 | Build | Farm |
| 20:13 | Queue | Skirmisher |
| 20:16 | Queue | Villager (Male) |
| 20:21 | Build | Farm |
| 20:31 | Research | Wheelbarrow |
| 20:42 | Build | Palisade Gate |
| 20:47 | Build | Palisade Wall |
| 21:01 | Build | Farm |
| 21:25 | Research | Castle Age |
| 21:39 | Queue | Archer |
| 21:39 | Queue | Archer |
| 21:46 | Queue | Skirmisher |
| 21:57 | Build | Mining Camp |
| 22:14 | Queue | Skirmisher |
| 22:14 | Queue | Villager (Male) |
| 22:26 | Research | Man-at-Arms (upgrade) |
| 22:32 | Build | House |
| 22:34 | Build | House |
| 22:35 | Build | Palisade Wall |
| 22:36 | Build | Palisade Wall |
| 22:57 | Build | Archery Range |
| 23:11 | Build | House |
| 23:14 | Build | House |
| 23:34 | Queue | Skirmisher |
| 23:34 | Queue | Skirmisher |
| 23:51 | Queue | Skirmisher |
| 23:51 | Queue | Skirmisher |
| 24:34 | Build | Lumber Camp |
| 24:38 | Age | Castle Age |
| 24:44 | Research | Bodkin Arrow |
| 24:44 | Research | Leather Archer Armor |
| 25:21 | Queue | Villager (Male) |
| 25:30 | Research | Elite Skirmisher (upgrade) |
| 25:40 | Queue | Villager (Male) |
| 25:46 | Build | Watch Tower |
| 26:12 | Queue | Skirmisher |
| 26:12 | Queue | Skirmisher |
| 26:30 | Queue | Villager (Male) |
Build order — Espummoni
First 150 of 218 actions detected
| 0:00 | Queue | Villager (Male) |
| 0:01 | Queue | Villager (Male) |
| 0:02 | Build | House |
| 0:04 | Build | House |
| 0:19 | Queue | Villager (Male) |
| 0:19 | Queue | Villager (Male) |
| 1:26 | Queue | Villager (Male) |
| 1:51 | Build | Lumber Camp |
| 1:56 | Queue | Villager (Male) |
| 1:56 | Queue | Villager (Male) |
| 2:32 | Queue | Villager (Male) |
| 2:32 | Queue | Villager (Male) |
| 2:55 | Queue | Villager (Male) |
| 3:19 | Queue | Villager (Male) |
| 3:19 | Queue | Villager (Male) |
| 3:19 | Queue | Villager (Male) |
| 3:45 | Queue | Villager (Male) |
| 3:56 | Build | House |
| 3:57 | Build | House |
| 4:09 | Queue | Villager (Male) |
| 4:09 | Queue | Villager (Male) |
| 4:36 | Queue | Villager (Male) |
| 4:36 | Queue | Villager (Male) |
| 4:37 | Queue | Villager (Male) |
| 5:02 | Queue | Villager (Male) |
| 5:02 | Queue | Villager (Male) |
| 5:20 | Queue | Villager (Male) |
| 5:57 | Build | Barracks |
| 6:24 | Research | Loom |
| 6:25 | Build | Palisade Wall |
| 6:26 | Build | Palisade Wall |
| 6:28 | Build | Palisade Wall |
| 6:35 | Queue | Villager (Male) |
| 7:12 | Queue | Villager (Male) |
| 7:51 | Research | Feudal Age |
| 7:52 | Research | Feudal Age |
| 8:05 | Build | Mill |
| 8:31 | Queue | Militia |
| 8:32 | Queue | Militia |
| 8:55 | Build | Mining Camp |
| 9:23 | Build | Farm |
| 9:25 | Build | Farm |
| 9:36 | Queue | Militia |
| 9:41 | Build | Farm |
| 10:01 | Age | Feudal Age |
| 10:13 | Research | Man-at-Arms (upgrade) |
| 10:13 | Research | Man-at-Arms (upgrade) |
| 10:19 | Build | Farm |
| 10:24 | Build | House |
| 10:32 | Queue | Villager (Male) |
| 10:35 | Build | Farm |
| 11:07 | Queue | Villager (Male) |
| 11:44 | Build | Archery Range |
| 11:57 | Queue | Militia |
| 12:21 | Queue | Villager (Male) |
| 12:56 | Queue | Villager (Male) |
| 13:01 | Build | Blacksmith |
| 13:02 | Queue | Archer |
| 13:03 | Queue | Archer |
| 13:08 | Queue | Villager (Male) |
| 13:12 | Build | Farm |
| 13:13 | Research | Double-Bit Axe |
| 13:39 | Queue | Villager (Male) |
| 13:42 | Build | House |
| 13:47 | Research | Fletching |
| 14:07 | Build | House |
| 14:08 | Build | Palisade Wall |
| 14:19 | Queue | Villager (Male) |
| 14:28 | Queue | Archer |
| 14:58 | Queue | Archer |
| 15:18 | Queue | Villager (Male) |
| 15:18 | Queue | Villager (Male) |
| 15:21 | Build | Farm |
| 15:23 | Build | Farm |
| 15:25 | Build | Farm |
| 15:28 | Queue | Archer |
| 15:50 | Build | Palisade Wall |
| 15:55 | Queue | Archer |
| 16:04 | Build | Palisade Wall |
| 16:11 | Queue | Villager (Male) |
| 16:42 | Queue | Villager (Male) |
| 16:48 | Build | Farm |
| 16:53 | Build | House |
| 16:58 | Build | House |
| 17:09 | Queue | Villager (Male) |
| 17:11 | Queue | Archer |
| 17:14 | Build | Archery Range |
| 17:17 | Build | House |
| 17:49 | Queue | Villager (Male) |
| 17:59 | Build | House |
| 18:25 | Build | Farm |
| 18:26 | Build | Farm |
| 18:27 | Build | Farm |
| 18:28 | Build | Farm |
| 18:39 | Queue | Villager (Male) |
| 18:48 | Build | House |
| 18:57 | Build | Market |
| 19:10 | Queue | Villager (Male) |
| 19:12 | Build | Farm |
| 19:21 | Build | House |
| 19:22 | Build | Palisade Wall |
| 19:23 | Build | Palisade Wall |
| 19:35 | Queue | Archer |
| 19:39 | Queue | Villager (Male) |
| 19:45 | Research | Castle Age |
| 19:47 | Build | Lumber Camp |
| 20:18 | Queue | Archer |
| 20:18 | Queue | Archer |
| 20:33 | Research | Gold Mining |
| 20:33 | Research | Horse Collar |
| 21:07 | Queue | Archer |
| 21:07 | Queue | Archer |
| 21:44 | Queue | Archer |
| 21:44 | Queue | Archer |
| 21:47 | Research | Horse Collar |
| 22:30 | Queue | Archer |
| 22:30 | Queue | Archer |
| 22:44 | Age | Castle Age |
| 22:44 | Queue | Villager (Male) |
| 22:46 | Research | Crossbowman (upgrade) |
| 22:47 | Research | Bodkin Arrow |
| 22:48 | Research | Bow Saw |
| 23:02 | Queue | Archer |
| 23:04 | Build | Town Center |
| 23:14 | Build | University |
| 23:18 | Queue | Archer |
| 23:19 | Queue | Archer |
| 23:19 | Queue | Villager (Male) |
| 23:31 | Research | Padded Archer Armor |
| 24:08 | Queue | Archer |
| 24:09 | Queue | Villager (Male) |
| 24:23 | Research | Ballistics |
| 24:25 | Queue | Villager (Male) |
| 24:40 | Queue | Villager (Male) |
| 24:41 | Queue | Villager (Male) |
| 25:02 | Queue | Archer |
| 25:02 | Queue | Archer |
| 25:04 | Queue | Villager (Male) |
| 25:14 | Build | Town Center |
| 25:24 | Queue | Villager (Male) |
| 25:27 | Build | Lumber Camp |
| 25:58 | Queue | Villager (Male) |
| 25:58 | Queue | Villager (Male) |
| 26:15 | Queue | Villager (Male) |
| 26:20 | Build | Siege Workshop |
| 26:30 | Queue | Villager (Male) |
| 26:30 | Queue | Villager (Male) |
| 26:52 | Queue | Villager (Male) |
| 26:52 | Queue | Villager (Male) |
| 26:58 | Build | House |
Match timeline
| 3:23 | CORP_hector_sin_elo · first_building Barracks |
| 4:05 | CORP_hector_sin_elo · wall_segment Palisade Wall x1 |
| 4:06 | CORP_hector_sin_elo · wall_segment Palisade Wall x1 |
| 4:08 | CORP_hector_sin_elo · wall_segment Palisade Wall x1 |
| 5:57 | Espummoni · first_building Barracks |
| 6:25 | Espummoni · wall_segment Palisade Wall x1 |
| 6:26 | Espummoni · wall_segment Palisade Wall x1 |
| 6:28 | Espummoni · wall_segment Palisade Wall x1 |
| 8:33 | CORP_hector_sin_elo · wall_segment Palisade Wall x1 |
| 8:34 | CORP_hector_sin_elo · wall_segment Palisade Wall x1 |
| 8:40 | CORP_hector_sin_elo · wall_segment Palisade Wall x1 |
| 8:41 | CORP_hector_sin_elo · wall_segment Palisade Wall x1 |
| 8:42 | CORP_hector_sin_elo · wall_segment Palisade Wall x1 |
| 9:52 | CORP_hector_sin_elo · wall_segment Palisade Wall x1 |
| 10:01 | Espummoni · age_up feudal |
| 10:16 | CORP_hector_sin_elo · wall_segment Palisade Wall x1 |
| 11:00 | CORP_hector_sin_elo · wall_segment Palisade Wall x1 |
| 11:01 | CORP_hector_sin_elo · wall_segment Palisade Wall x1 |
| 11:23 | CORP_hector_sin_elo · wall_segment Palisade Wall x1 |
| 11:44 | Espummoni · first_building Archery Range |
| 12:54 | CORP_hector_sin_elo · age_up feudal |
| 12:55 | CORP_hector_sin_elo · wall_segment Palisade Wall x1 |
| 12:56 | CORP_hector_sin_elo · wall_segment Palisade Wall x1 |
| 13:15 | CORP_hector_sin_elo · wall_segment Palisade Wall x1 |
| 13:50 | CORP_hector_sin_elo · first_building Archery Range |
| 14:08 | Espummoni · wall_segment Palisade Wall x1 |
| 15:50 | Espummoni · wall_segment Palisade Wall x4 |
| 16:04 | Espummoni · wall_segment Palisade Wall x9 |
| 19:22 | Espummoni · wall_segment Palisade Wall x1 |
| 19:23 | Espummoni · wall_segment Palisade Wall x1 |
| 19:41 | CORP_hector_sin_elo · wall_segment Palisade Wall x2 |
| 19:44 | Espummoni · first_market_buy 100 food |
| 20:47 | CORP_hector_sin_elo · wall_segment Palisade Wall x1 |
| 22:35 | CORP_hector_sin_elo · wall_segment Palisade Wall x1 |
| 22:36 | CORP_hector_sin_elo · wall_segment Palisade Wall x1 |
| 22:44 | Espummoni · age_up castle |
| 24:38 | CORP_hector_sin_elo · age_up castle |
| 26:20 | Espummoni · first_building Siege Workshop |
| 28:48 | CORP_hector_sin_elo · first_building Siege Workshop |
| 32:35 | CORP_hector_sin_elo · resign |
[ AI ANALYSIS · 1 CREDIT ]
What really happened in this match?
Wolo.gg analyzes every decision: build order, eco, micro, common mistakes by bracket. Personalized analysis on WhatsApp or Discord in 30 seconds.
Civ guide
Malians
Perfil
Jugador #459775